 Dungeon Crawl Stone Soup version 0.20.0-8-g6b59dc7 (webtiles) character file.

163 MDvedh the Cutter (level 5, -5/48 HPs)
             Began as a Kobold Berserker on May 30, 2017.
             Was a Believer of Trog.
             Slain by Duvessa
             ... wielding a +3 short sword of holy wrath
              (14 damage)
             ... on level 4 of the Dungeon.
             The game lasted 00:03:36 (2654 turns).

MDvedh the Cutter (Kobold Berserker)                Turns: 2654, Time: 00:03:37

Health: -5/48      AC:  5    Str: 19    XL:     5   Next: 72%
Magic:  5/5        EV: 14    Int:  8    God:    Trog [**....]
Gold:   86         SH:  0    Dex: 16    Spells: 4/4 levels left

rFire    . . .     SeeInvis .   i - +1 dagger (flame)
rCold    . . .     Gourm    .   (shield restricted)
rNeg     . . .     Faith    .   d - +0 ring mail
rPois    .         Spirit   .   (no helmet)
rElec    .         Reflect  .   (no cloak)
rCorr    .         Harm     .   (no gloves)
MR       .....                  (no boots)
Stlth    ..........             (no amulet)
Regen    0.2/turn               (no ring)
MPRegen  0.1/turn               (no ring)

@: berserking (expiring), very quick
A: carnivore 3
a: Berserk, Trog's Hand, Burn Spellbooks, Renounce Religion


You were on level 4 of the Dungeon.
You worshipped Trog.
Trog was pleased with you.
You were not hungry.

You visited 1 branch of the dungeon, and saw 4 of its levels.

You collected 86 gold pieces.

Inventory:

Hand Weapons
 a - a +0 short sword
 h - a +0 dagger of draining
 i - a +1 dagger of flaming (weapon)
Armour
 d - a +0 ring mail (worn)
Jewellery
 l - an uncursed ring of fire
Potions
 b - 2 potions of curing
 g - a potion of might
 n - a potion of heal wounds {unknown}
Comestibles
 c - 3 meat rations
 j - a royal jelly


   Skills:
 - Level 3.2 Fighting
 + Level 7.9 Short Blades
 - Level 1.5 Armour
 - Level 2.4 Dodging


You had 4 spell levels left.
You didn't know any spells.

Dungeon Overview and Level Annotations

Branches:
Dungeon (4/15)
 Temple: D:4-7

Altars:
Fedhas
Makhleb
Nemelex Xobeh

Annotations:
D:4 Duvessa


Innate Abilities, Weirdness & Mutations

You are small and have problems with some larger weapons.
You are carnivorous and can eat meat at any time.


Message History

Duvessa is heavily wounded.
You hit Duvessa. You burn Duvessa.
Duvessa is heavily wounded.
Duvessa hits you with a short sword of holy wrath!
You closely miss Duvessa.
Duvessa is heavily wounded.
You hit Duvessa. You burn Duvessa.
Duvessa is severely wounded.
Duvessa hits you with a short sword of holy wrath!
* * * LOW HITPOINT WARNING * * *
You hit Duvessa. You burn Duvessa.
Duvessa is severely wounded.
You barely miss Duvessa.
Duvessa is severely wounded.
Duvessa hits you with a short sword of holy wrath.
* * * LOW HITPOINT WARNING * * *
You hit Duvessa. You burn Duvessa.
Duvessa is almost dead.
Duvessa hits you with a short sword of holy wrath!
You die...

,,,,,,,...* ****+*****,,,,,,,,
,,,,,,,...######,,,,,,,**,,,,,,,,
,,,,,,,........#**,_,*****,,,,,,,
,,,,,,,........#,,,,,,,* *,,,,,,,
,,******#......####+#### **,,,,,,
,*** ***#...........# **,,,,,
,,,** **#.........## *,,,,,
,,,,*** ###).......## **,,,,
*,,,,,*** #@........## **,,,
***,,,,,*** ##e.........## *,,,
***,,,,,*** #............# **,,
***,,,,,**#....<.......## **, ***
***,,,................## **
,,**** **,..................# *
,,,,,*** **#...........<.....#*
,,,,,,,** ##...##............#
,,,,,,,,** *#..#*##...........#


You could see Duvessa (berserk).

Vanquished Creatures
  Dowan (D:4)
  2 adders
  3 oozes
  5 worms
  A dart slug (D:2)
  3 leopard geckos
  8 bats
  6 giant cockroaches
  7 goblins
  5 hobgoblins
  5 jackals
  9 kobolds
  2 ball pythons
  2 frilled lizards
  2 rats
61 creatures vanquished.

Notes
Turn   | Place    | Note
-------+----------+-------------------------------------------
     0 | D:1      | MDvedh the Kobold Berserker began the quest for the Orb.
     0 | D:1      | Reached XP level 1. HP: 14/14 MP: 1/1
    81 | D:1      | Reached XP level 2. HP: 11/19 MP: 2/2
   192 | D:1      | Reached skill level 5 in Short Blades
   377 | D:1      | Reached XP level 3. HP: 23/23 MP: 3/3
   480 | D:1      | Reached ** piety under Trog
   895 | D:2      | Found a burning altar of Makhleb.
   921 | D:2      | Found a blossoming altar of Fedhas.
   971 | D:2      | Reached skill level 6 in Short Blades
   996 | D:2      | Found a sparkling altar of Nemelex Xobeh.
  1030 | D:2      | Reached XP level 4. HP: 28/28 MP: 4/4
  2072 | D:3      | Reached skill level 7 in Short Blades
  2072 | D:3      | Reached XP level 5. HP: 32/32 MP: 5/5
  2626 | D:4      | Noticed Dowan
  2629 | D:4      | Noticed Duvessa
  2640 | D:4      | Killed Dowan
  2654 | D:4      | Slain by Duvessa

Skill      XL: |  1  2  3  4 |
---------------+-------------+-----
Short Blades   | 5 6 7 |  7.9
Fighting       | |  3.2
Armour         | |  1.5
Dodging        | |  2.4

Action                   |  1- 3 |  4- 6 || total
-------------------------+-------+-------++-------
Melee: Short sword       |   108 |       ||   108
       Dagger            |    50 |   127 ||   177
Invok: Berserk           |     2 |     2 ||     4
  Use: Scroll            |       |     5 ||     5
 Stab: Sleeping          |     1 |       ||     1
  Eat: Chunk             |    10 |       ||    10
Armor: Ring mail         |    43 |    20 ||    63
Dodge: Dodged            |    95 |    57 ||   152
